 Dungeon Crawl Stone Soup version 0.24.0-123-gd5b16e6ec5 (webtiles) character file.

Game seed: 240535716807093831, levelgen mode: deterministic

2436 Peloso the Carver (level 9, -5/78 HPs)
             Began as a Minotaur Fighter on Dec 28, 2019.
             Was a Priest of Okawaru.
             Slain by a killer bee (11 damage)
             ... on level 8 of the Dungeon.
             The game lasted 00:12:06 (4593 turns).

Peloso the Carver (Minotaur Fighter)                Turns: 4593, Time: 00:12:07

Health: -5/78      AC: 13    Str: 22    XL:     9   Next: 25%
Magic:  8/8        EV:  7    Int:  5    God:    Okawaru [***...]
Gold:   325        SH: 11    Dex: 12    Spells: 8/8 levels left

rFire    . . .     SeeInvis .   a - +3 scimitar (curse)
rCold    + . .     Gourm    .   c - +0 shield
rNeg     + . .     Faith    .   w - +0 chain mail
rPois    .         Spirit   .   (helmet restricted)
rElec    .         Reflect  .   (no cloak)
rCorr    .         Harm     .   (no gloves)
MR       .....                  n - +1 pair of boots
Stlth    ..........             (no amulet)
HPRegen  0.23/turn              h - ring of protection from cold
MPRegen  0.11/turn              s - ring of positive energy

@: lethally poisoned (-5 -> -15)
A: retaliatory headbutt, horns 2
a: Heroism, Renounce Religion


You were on level 8 of the Dungeon.
You worshipped Okawaru.
Okawaru was most pleased with you.
You were hungry.

You visited 2 branches of the dungeon, and saw 9 of its levels.

You collected 325 gold pieces.

Inventory:

Hand Weapons
 a - a cursed +3 scimitar (weapon)
 b - the +8 war axe "Numeval" {flame, rElec rC+ rN+}
   (You found it on level 5 of the Dungeon)

   It has been specially enchanted to burn those struck by it, causing extra
   injury to most foes and up to half again as much damage against particularly
   susceptible opponents.
   Big, fiery blades are also staple armaments of hydra-hunters.
   It protects you from cold.
   It insulates you from electricity.
   It protects you from negative energy.
Armour
 c - a +0 shield (worn)
 n - a +1 pair of boots (worn)
 w - a +0 chain mail (worn)
Jewellery
 h - a ring of protection from cold (left hand)
 r - an uncursed ring of wizardry
 s - a ring of positive energy (right hand)
 A - an uncursed amulet of regeneration {unknown}
 C - an uncursed ring of see invisible {unknown}
Wands
 p - a wand of flame (26)
 B - a wand of acid (11)
Scrolls
 e - 10 scrolls of teleportation
 g - 5 scrolls of remove curse
 l - 4 scrolls of amnesia {unknown}
 u - 3 scrolls of enchant weapon
 y - a scroll of magic mapping {unknown}
 z - a scroll of enchant armour {unknown}
 D - 2 scrolls of identify
Potions
 d - 2 potions of might
 i - 2 potions of flight
 j - 2 potions of resistance
 k - 2 potions of brilliance
 m - 2 potions of heal wounds {unknown}
 o - a potion of invisibility {unknown}
 q - a potion of haste {unknown}
 t - 2 potions of mutation {unknown}
 v - a potion of berserk rage {unknown}
 x - 2 potions of curing
Comestibles
 f - 12 rations


   Skills:
 + Level 6.4 Fighting
 + Level 9.6 Long Blades
 + Level 2.1 Axes
 + Level 7.5 Armour
 + Level 2.3 Dodging
 + Level 7.9 Shields


You had 8 spell levels left.
You didn't know any spells.
Your spell library contained the following spells:

 Spells                   Type           Power        Failure   Level  Hunger
 Confusing Touch          Hex            #.....       100%        1    ##.....
 Confuse                  Hex            #.......     100%        3    ####...
 Gell's Gravitas          Tloc           #.........   100%        3    ####...
 Petrify                  Tmut/Erth      #.......     100%        4    #####..
 Metabolic Englaciation   Hex/Ice        #.........   100%        5    ######.
 Yara's Violent Unravell  Hex/Tmut       #.........   100%        5    ######.


Dungeon Overview and Level Annotations

Branches:
Dungeon (8/15)             Temple (1/1) D:5
   Lair: D:8-11

Altars:
Ashenzari
Cheibriados
Dithmenos
Elyvilon
Fedhas
Gozag
Hepliaklqana
Kikubaaqudgha
Makhleb
Nemelex Xobeh
Okawaru
Qazlal
Ru
Sif Muna
Trog
Uskayaw
Vehumet
Wu Jian
Xom
Yredelemnul
Zin
The Shining One


Innate Abilities, Weirdness & Mutations

You reflexively headbutt those who attack you in melee.
You have a pair of horns on your head.


Message History

You feel sick. You block the killer bee's attack.
The killer bee closely misses you. The killer bee barely misses you.
You see here an iguana corpse.
You are feeling hungry.
You feel sick. You block the killer bee's attack. x2
You feel sick.
The killer bee stings you but does no damage.
The killer bee stings you.
* * * LOW HITPOINT WARNING * * *
You feel sick.
The killer bee rages.
The killer bee barely misses you. You furiously retaliate!
You headbutt the killer bee.
You riposte.
You miss the killer bee.
The killer bee is severely wounded.
You block the killer bee's attack.
You feel sick. The killer bee barely misses you. You furiously retaliate!
You headbutt the killer bee. The killer bee stings you!
* * * LOW HITPOINT WARNING * * *
You block the killer bee's attack. The killer bee stings you!
You die...

#############.#.###
#...............# #
#.################# ####### #.#
#.............. ......# #.#
#.#....######## ......#
##.###.#.##......... ......#
######...##........#.....
......###...#......###...#....#..
.........<....†.@yZ.yy...........
......###.#....#.y.##y........###
......# #....#.#.####.#...#.....#
......# ####.#...####Z.#.######.#
......# #.#####..†#.y..# ..#..
......# #.# #.#.###..#.# ###
......# #.# #.....y....# #
......# #.# ###.##Z..###.#
####..# #.#### #.##.##....#


You could see 5 killer bees and a bullfrog zombie.

Vanquished Creatures
  A queen bee (D:8)
  A hippogriff (D:8)
  A hungry ghost (D:7)
  2 ice beasts
  An ogre (D:7)
  2 bullfrogs
  2 scorpions
  4 killer bees (D:8)
  4 wights (D:6)
  2 howler monkeys
  A crimson imp (D:7)
  2 quasits (D:8)
  2 jellies
  5 orc wizards
  An orc priest (D:5)
  A hound (D:7)
  2 iguanas
  Ijyb (D:3)
  10 worker ants
  A hound zombie (D:6)
  3 hound skeletons
  Robin (D:3)
  3 gnolls (D:4)
  2 howler monkey skeletons (D:6)
  11 adders
  An adder skeleton (D:4)
  A worm (D:2)
  2 dart slugs
  4 leopard geckos
  16 orcs
  2 ball pythons (D:1)
  6 giant cockroaches
  14 goblins
  11 hobgoblins
  12 jackals
  4 quokkas
  8 bats
  5 frilled lizards
  11 kobolds
  A kobold skeleton (D:3)
  A leopard gecko zombie (D:6)
  2 quokka skeletons
  A quokka zombie (D:8)
  2 rats
170 creatures vanquished.

Notes
Turn   | Place    | Note
-------+----------+-------------------------------------------
     0 | D:1      | Peloso the Minotaur Fighter began the quest for the Orb.
     0 | D:1      | Reached XP level 1. HP: 19/19 MP: 0/0
   304 | D:1      | Reached XP level 2. HP: 27/27 MP: 1/1
   785 | D:2      | Reached XP level 3. HP: 33/33 MP: 2/2
   915 | D:2      | Reached skill level 3 in Long Blades
   922 | D:2      | Reached XP level 4. HP: 30/41 MP: 3/3
  1066 | D:2      | Found a blossoming altar of Fedhas.
  1464 | D:3      | Found a runed translucent door.
  1464 | D:3      | Noticed a human
  1466 | D:3      | Found a basalt altar of Yredelemnul.
  1637 | D:3      | Noticed Robin
  1649 | D:3      | Reached skill level 1 in Dodging
  1653 | D:3      | Killed Robin
  1653 | D:3      | Reached XP level 5. HP: 38/47 MP: 4/4
  1676 | D:3      | Noticed Ijyb
  1683 | D:3      | Killed Ijyb
  1983 | D:4      | Reached skill level 4 in Long Blades
  2010 | D:4      | Reached skill level 5 in Armour
  2149 | D:4      | Reached XP level 6. HP: 55/55 MP: 5/5
  2293 | D:4      | Reached skill level 5 in Long Blades
  2644 | D:5      | Entered Level 5 of the Dungeon
  2686 | D:5      | Found a staircase to the Ecumenical Temple.
  2753 | Temple   | Entered the Ecumenical Temple
  2795 | Temple   | Became a worshipper of Warmaster Okawaru
  2827 | D:5      | Reached skill level 5 in Shields
  2986 | D:5      | Reached skill level 5 in Fighting
  2986 | D:5      | Reached XP level 7. HP: 61/61 MP: 6/6
  2997 | D:5      | Got a transparent war axe
  3005 | D:5      | Identified the +8 war axe "Numeval" {flame, rElec rC+ rN+}
                  | (You found it on level 5 of the Dungeon)
  3276 | D:6      | Reached skill level 6 in Long Blades
  3330 | D:6      | Reached skill level 1 in Axes
  3349 | D:6      | Reached * piety under Okawaru
  3735 | D:6      | Reached skill level 7 in Long Blades
  3742 | D:6      | Reached XP level 8. HP: 46/68 MP: 7/7
  3989 | D:7      | Reached ** piety under Okawaru
  3989 | D:7      | Reached skill level 8 in Long Blades
  4309 | D:8      | Noticed a hippogriff
  4319 | D:8      | Killed a hippogriff
  4319 | D:8      | Reached skill level 9 in Long Blades
  4346 | D:8      | Reached XP level 9. HP: 48/75 MP: 8/8
  4560 | D:8      | Noticed a queen bee
  4582 | D:8      | Killed a queen bee
  4582 | D:8      | Reached *** piety under Okawaru
  4593 | D:8      | Slain by a killer bee

Levels and vault maps discovered:
D:1:      minmay_arrival_three_doors, layout_loops_ring, serial_forest,
          infiniplex_forest_clump_C, infiniplex_forest_join,
          infiniplex_forest_straight_3, infiniplex_forest_clump_double,
          infiniplex_forest_clump_small, infiniplex_forest_lined_3_way,
          infiniplex_forest_split, infiniplex_forest_3_way
D:2:      layout_basic, fedhas_altar_3, first_ration
D:3:      layout_loops_ring, dk_yredelemnul_ordeal, uniq_robin, uniq_ijyb
D:4:      layout_gridville
D:5:      layout_rooms, minmay_temple_entry_wispy
D:6:      cheibrodos_quashed, layout_basic
D:7:      layout_basic
D:8:      layout_basic, erik_lair_dragon, special_room [special_room_orc],
          david_nohive_1, uniq_maurice
Temple:   dpeg_three_leaves_temple

Skill      XL: |  1  2  3  4  5  6  7  8 |
---------------+-------------------------+-----
Armour         | 4 5 6 7 |  7.5
Fighting       | 4 5 6 |  6.4
Shields        | 4 5 6 7 |  7.9
Long Blades    | 3 4 5 7 9 |  9.6
Dodging        | 1 2 |  2.3
Axes           | 2 |  2.1

Action                   |  1- 3 |  4- 6 |  7- 9 || total
-------------------------+-------+-------+-------++-------
Melee: Long sword        |    77 |   203 |    61 ||   341
       Headbutt          |     8 |    38 |    34 ||    80
       War axe           |       |       |    14 ||    14
       Scimitar          |       |       |    98 ||    98
  Use: Potion            |     2 |     2 |       ||     4
       Scroll            |       |     5 |     1 ||     6
  Eat: Chunk             |       |     7 |     6 ||    13
Armor: Scale mail        |    28 |       |       ||    28
       Chain mail        |    23 |   115 |    90 ||   228
Dodge: Dodged            |    35 |    66 |    52 ||   153
Block: Shield            |    49 |   143 |   114 ||   306
       Rpst.: Long sword |    12 |    17 |     4 ||    33
       Scimitar          |       |       |    12 ||    12
